 Dungeon Crawl Stone Soup version 0.29-a0-341-g24ffce5b50 (webtiles) character file.

Game seed: 3804204246147845909

3 spaghetti the Grave Robber (level 1, 0/13 HPs)
             Began as a Demonspawn Necromancer on Apr 20, 2022.
             Frozen to death by an endoplasm (3 damage)
             ... on level 1 of the Dungeon.
             The game lasted 00:00:24 (188 turns).

spaghetti the Grave Robber (Demonspawn Necromancer)  Turns: 188, Time: 00:00:25

Health: 0/13       AC:  2    Str:  8    XL:     1   Next: 41%
Magic:  0/3        EV: 12    Int: 16    God:
Gold:   10         SH:  0    Dex: 13    Spells: 3/4 levels left

rFire   . . .      SeeInvis .   (no weapon)
rCold   . . .      Faith    .   (no shield)
rNeg    . . .      Spirit   .   a - +0 robe
rPois   .          Reflect  .   (no helmet)
rElec   .          Harm     .   (no cloak)
rCorr   .          Rampage  .   (no gloves)
Will    .....                   (no boots)
Stlth   ++........              (no amulet)
HPRegen 0.04/turn               (no ring)
MPRegen 0.08/turn               (no ring)

@: no status effects
A: no striking features
a: no special abilities


You were on level 1 of the Dungeon.
You visited 1 branch of the dungeon, and saw 1 of its levels.

You collected 10 gold pieces.


   Skills:
 - Level 1.7 Dodging
 - Level 1.7 Stealth
 + Level 2.2 Spellcasting
 - Level 4.3 Necromancy


You had 3 spell levels left.
You knew the following spells:

 Your Spells              Type           Power      Damage    Failure   Level
a - Pain                  Necr           60%        1d7       3%          1

Your spell library contained the following spells:

 Spells                   Type           Power      Damage    Failure   Level
 Animate Skeleton         Necr           30%        N/A       3%          1
 Vampiric Draining        Necr           15%        2d7       10%         3
 Animate Dead             Necr           7%         N/A       32%         4
 Agony                    Necr           15%        N/A       67%         5

Inventory:

Hand Weapons
 f - a +0 hand axe {axe}
   (You found it on level 1 of the Dungeon)
 g - a +0 whip {mace}
   (You found it on level 1 of the Dungeon)
Missiles
 c - 29 stones {throwing}
Armour
 a - a +0 robe (worn)
Jewellery
 e - an amulet of the acrobat
   (You found it on level 1 of the Dungeon)
Scrolls
 d - a scroll of amnesia {unknown}
Potions
 b - a potion of magic

Dungeon Overview and Level Annotations

Branches:
Dungeon (1/15)

Altars:

######## #@J....+
#.##...# ##### #?##.#.#
#...###....#.+ ########
#...#........# ##.....#
#...#....(.#.#
...###.###...#.....##
.b ####
#.#..............#
######...###..#.......#


You could see an endoplasm.


Message History

😕 HP[-1] MP[-1]
You take 1 damage, and now have 12/13 hp.
You lost 1 mp, and now have 2/3 mp.
You are too injured to fight recklessly!
You are too injured to fight recklessly!
A ball python comes into view. 😎 HP[+1] MP[+1]
Your hp is fully restored (13).
Your mp is fully restored (3).
A ball python is nearby!
A ball python is nearby!
A ball python is nearby!
The ball python barely resists. 😕 HP[-1] MP[-1]
You take 1 damage, and now have 12/13 hp.
You lost 1 mp, and now have 2/3 mp.
You are too injured to fight recklessly!
You are too injured to fight recklessly!
You are too injured to fight recklessly!
You are too injured to fight recklessly!
You are too injured to fight recklessly!
You are too injured to fight recklessly!
You are too injured to fight recklessly!
You are too injured to fight recklessly!
You are too injured to fight recklessly!
You are too injured to fight recklessly!
You are too injured to fight recklessly!
Aiming: Pain (safe; 3% risk of failure)
Press: ? - help, Q - select action, (/) - cycle Shift-Dir - straight line, f/p - ball python
Aim: a ball python (chance to affect: 85%)
The ball python writhes in agony.
You kill the ball python! 😕 HP[-1] MP[-1]
You take 1 damage, and now have 11/13 hp.
You lost 1 mp, and now have 1/3 mp.
Found a stone staircase leading down. 😎 HP[+2] MP[+2]
Your hp is fully restored (13).
Your mp is fully restored (3).
A bat comes into view.
You see here a scroll labelled ENNUCZ XABB.
A bat is nearby!
A bat is nearby!
A bat is nearby!
An endoplasm comes into view.
You see here a +0 whip {mace}.
g - a +0 whip {mace} The endoplasm freezes you.
You are frozen. 😕 HP[-2]
You take 2 damage, and now have 11/13 hp.
You are too injured to fight recklessly!
Aiming: Pain (safe; 3% risk of failure)
Press: ? - help, Q - select action, (/) - cycle Shift-Dir - straight line, f - endoplasm
Aim: an endoplasm (chance to affect: 85%)
The endoplasm barely resists.
The endoplasm closely misses you. 😕 HP[-1] MP[-1]
You take 1 damage, and now have 10/13 hp.
You lost 1 mp, and now have 2/3 mp.
Aiming: Pain (safe; 3% risk of failure)
Press: ? - help, Q - select action, (/) - cycle Shift-Dir - straight line, f/p - endoplasm
Aim: an endoplasm (chance to affect: 85%)
The endoplasm writhes in agony.
The endoplasm freezes you.
You are frozen.
* * * LOW HITPOINT WARNING * * *
😨 HP[-5] MP[-1]
You take 5 damage, and now have 5/13 hp.
MASSIVE DAMAGE!! (PAUSE)
You lost 1 mp, and now have 1/3 mp.
Aiming: Pain (safe; 3% risk of failure)
Press: ? - help, Q - select action, (/) - cycle Shift-Dir - straight line, f/p - endoplasm
Aim: an endoplasm (almost dead, chance to affect: 85%)
The endoplasm barely resists.
The endoplasm hits you.
* * * LOW HITPOINT WARNING * * *
😱 HP[-2] MP[-1]
You take 2 damage, and now have 3/13 hp.
You lost 1 mp, and now have 0/3 mp.
Throw: 32 stones {throwing}
Press: ? - help, Shift-Dir - straight line, f/p - endoplasm
Aim: an endoplasm (almost dead, 85% to hit)
You throw a stone {throwing}.
The stone {throwing} hits the endoplasm but does no damage.
The endoplasm closely misses you.
Throw: 31 stones {throwing}
Press: ? - help, Shift-Dir - straight line, f/p - endoplasm
Aim: an endoplasm (almost dead, 85% to hit)
You throw a stone {throwing}.
The stone {throwing} hits the endoplasm but does no damage.
The endoplasm completely misses you.
Unknown command.
Unknown command.
Throw: 30 stones {throwing}
Press: ? - help, Shift-Dir - straight line, f/p - endoplasm
Aim: an endoplasm (almost dead, 85% to hit)
You throw a stone {throwing}.
The stone {throwing} hits the endoplasm but does no damage.
The endoplasm freezes you.
You are frozen.
You die...

Action                   || total
-------------------------++-------
Throw: Stone             ||     3
 Cast: Pain              ||     8
Dodge: Dodged            ||     3

Levels and vault maps discovered:
D:1:      dpeg_arrival_tiny_c, layout_basic, chequers_decorated_corner

Notes
Turn   | Place    | Note
-------+----------+-------------------------------------------
     0 | D:1      | spaghetti the Demonspawn Necromancer began the quest for
                  | the Orb.
     0 | D:1      | Reached XP level 1. HP: 13/13 MP: 3/3
     0 | D:1      | magus.rc [v1.9.6]
   185 | D:1      | HP: 3/13 [endoplasm (1)]
   188 | D:1      | Frozen to death by an endoplasm

Vanquished Creatures
  A bat (D:1)
  A ball python (D:1)
  A frilled lizard (D:1)
  A rat (D:1)
4 creatures vanquished.

Table legend:
 A = Non-vault XP
 B = Vault XP
 C = Vault XP percentage of total XP
 D = Non-vault monster count
 E = Vault monster count
 F = Vault count percentage of total count
                 A         B        C        D         E       F
            +---------+---------+-------+---------+---------+-------
      Total |       5 |       0 |   0.0 |       4 |       0 |   0.0
            +---------+---------+-------+---------+---------+-------
        D:1 |       5 |       0 |   0.0 |       4 |       0 |   0.0
            +---------+---------+-------+---------+---------+-------

Illustrated notes

Table legend:
 A = Kills in this place as a percentage of kills in entire the game.
 B = Kills by you in this place as a percentage of kills by you in the entire game.
 C = Kills by friends in this place as a percentage of kills by friends in the entire game.
 D = Other kills in this place as a percentage of other kills in the entire game.
 E = Experience gained in this place as a percentage of experience gained in the entire game.
 F = Experience gained in this place divided by the number of levels of this place that you have seen.
                   A       B       C       D       E      F
               +-------+-------+-------+-------+-------+----------------------
         Total | 100.0 | 100.0 |   N/A |   N/A | 100.0 |   5.0
       Dungeon | 100.0 | 100.0 |   N/A |   N/A | 100.0 |   5.0
               +-------+-------+-------+-------+-------+----------------------

Table legend: (Time is in decaauts)
 A = Elapsed time spent in this place.
 B = Non-inter-level travel time spent in this place.
 C = Inter-level travel time spent in this place.
 D = Time resting spent in this place.
 E = Time spent auto-exploring this place.
 F = Levels seen in this place.
 G = Mean time per level.
                   A        B        C        D        E       F      G
               +--------+--------+--------+--------+--------+-----+--------+
         Total |    188 |    188 |      0 |      0 |    155 |   1 |  188.0 |
       Dungeon |    188 |    188 |      0 |      0 |    155 |   1 |  188.0 |
               +--------+--------+--------+--------+--------+-----+--------+

Top non-repeatable levels by time:
     D:1: 188 daAuts
